 Dungeon Crawl Stone Soup version bcrawl-1.27.3 (webtiles) character file.

Game seed: 1876285239780533451

175826 MisterOstroum the Cutter (level 7, -3/50 HPs)
             Began as a Kobold Rogue on Oct 12, 2020.
             Was an Initiate of Ru.
             Killed by nerve-wracking pain
             ... invoked by an orc priest
              (14 damage)
             ... on level 4 of the Dungeon.
             The game lasted 00:06:04 (3694 turns).

MisterOstroum the Cutter (Kobold Rogue)             Turns: 3694, Time: 00:06:05

Health: -3/50      AC:  6    Str: 11    XL:     7   Next: 17%
Magic:  8/8        EV:  7    Int: 12    God:    Ru [......]
Gold:   247        SH:  7    Dex: 16    Spells: 6/6 levels left

rFire    . . .     SeeInvis .   b - +0 blowgun
rCold    + . .     Gourm    .   o - +0 medium shield
rNeg     . . .     Faith    .   l - +1 leather armour {rC+}
rPois    .         Spirit   .   (no helmet)
rElec    .         Reflect  .   d - +0 cloak
rCorr    .         Harm     .   w - +0 pair of gloves
MR       .....                  (no boots)
Stlth    +++.......             (no amulet)
HPRegen  0.16/turn              (no ring)
MPRegen  0.11/turn              (no ring)

@: no status effects
A: small, talons 1, carnivore, mutation resistance 1, sense surroundings 2
a: Renounce Religion


You were on level 4 of the Dungeon.
You worshipped Ru.
Ru was noncommittal.
You were very full.

You visited 1 branch of the dungeon, and saw 4 of its levels.

You collected 247 gold pieces.

Inventory:

Hand Weapons
 a - a +2 dagger
 b - a +0 blowgun (weapon)
 c - a cursed +3 scimitar
Missiles
 h - 51 poisoned needles (quivered)
 i - 685 stones
 k - 155 bolts
 t - 387 arrows
Armour
 d - a +0 cloak (worn)
 l - a +1 leather armour of cold resistance (worn)
 o - a +0 medium shield (worn)
 w - a +0 pair of gloves (worn)
Wands
 f - a wand of flame (15)
 g - a wand of enslavement (12)
 y - a wand of random effects (5)
Scrolls
 j - a scroll of fog {unknown}
 n - a scroll of magic mapping {unknown}
 r - 2 scrolls of remove curse {unknown}
 v - a scroll of immolation {unknown}
Potions
 m - a potion of mutation {unknown}
 p - a potion of heal wounds {unknown}
 q - a potion of curing {unknown}
 s - a potion of lignification {unknown}
 u - 3 potions of might {unknown}
 x - a potion of invisibility {unknown}
Comestibles
 e - 7 rations {!d}


   Skills:
 * Level 5.2 Fighting
 * Level 6.3 Short Blades
 + Level 3.3 Dodging
 - Level 5.8 Stealth
 - Level 2.4 Evocations


You had 6 spell levels left.
You didn't know any spells.
Your spell library was empty.

Dungeon Overview and Level Annotations

Branches:
Dungeon (4/12)
 Temple: D:4-7

Altars:
Hepliaklqana
Ru
Uskayaw


Innate Abilities, Weirdness & Mutations

You are small and have problems with some larger weapons.
You have sharp toenails.
You are carnivorous and can eat meat at any time.
You are somewhat resistant to further mutation.
You passively map the area around you.


Message History

A quokka is nearby!
You see here a hand axe.
The helpless quokka fails to defend itself.
You stick the quokka like a pincushion!!!
You kill the quokka!
No target in view!
No target in view!
No target in view!
No target in view!
No target in view!
No target in view!
You butcher the quokka corpse.
x - 2 chunks of flesh You see here a quokka skeleton. x2
Eating one of 2 chunks of flesh.
You eat one of the 2 chunks of flesh.
This raw flesh tastes great.
Eating a chunk of flesh.
You eat the chunk of flesh.
This raw flesh tastes great.
x - a glowing amethyst potion No target in view!
You see here a ring mail.
y - a wand of random effects (5)
Found a hide-covered altar of Uskayaw.
You aren't carrying any pieces of jewellery.
Unknown command.
Okay, then.
An orc comes into view. It is wielding a +0 flail.
The orc shouts!
An orc wizard comes into view. It is wielding a +0 dagger.
The orc hits you with a +0 flail!
You see here a glowing white potion.
Your shield prevents you from hitting the orc.
You block the orc's attack.
The orc wizard shouts!
You hit the orc. You claw the orc.
The orc is heavily wounded.
Your shield prevents you from hitting the orc.
The orc is heavily wounded.
The orc hits you but does no damage.
Your shield prevents you from hitting the orc.
Your kick misses the orc.
The orc is heavily wounded.
You block the orc's attack.
You hit the orc.
You kill the orc!
You hit the orc wizard. You claw the orc wizard.
The orc wizard is moderately wounded.
The orc wizard hits you with a +0 dagger.
An orc priest comes into view. It is wielding a +0 trident.
You hit the orc wizard.
The orc wizard is severely wounded.
The orc wizard hits you but does no damage.
You hit the orc wizard but do no damage.
The orc wizard is severely wounded.
The orc wizard hits you but does no damage.
The orc priest mumbles some strange prayers to Beogh against you.
Beogh smites you!
You are too injured to fight recklessly!
You are too injured to fight recklessly!
You are too injured to fight recklessly!
You are too injured to fight recklessly!
You are too injured to fight recklessly!
You are too injured to fight recklessly!
You are too injured to fight recklessly!
You are too injured to fight recklessly!
You hit the orc wizard but do no damage.
You claw the orc wizard, but do no damage.
The orc wizard is severely wounded.
The orc wizard closely misses you.
You closely miss the orc wizard.
You claw the orc wizard, but do no damage.
The orc wizard is severely wounded.
The orc wizard hits you but does no damage.
You hit the orc wizard. Your kick misses the orc wizard.
The orc wizard is almost dead.
The orc wizard barely misses you.
You closely miss the orc wizard. Your kick misses the orc wizard.
The orc wizard is almost dead.
The orc wizard looks satisfied for a moment.
You hit the orc wizard.
You kill the orc wizard!
The orc priest calls down the wrath of Beogh upon you.
Pain shoots through your body!
b - a +0 blowgun (weapon)
Firing (i - inventory. (/) - cycle)
h - 53 poisoned needles (quivered)
Press: ? - help, Shift-Dir - straight line, f - orc priest
Aim: an orc priest, wielding a +0 trident and wearing a +0 ring mail You shoot a poisoned needle.
The poisoned needle closely misses the orc priest.
The orc priest calls down the wrath of Beogh upon you.
Beogh smites you!
* * * LOW HITPOINT WARNING * * *
Firing (i - inventory. (/) - cycle)
h - 52 poisoned needles (quivered)
Press: ? - help, Shift-Dir - straight line, f/p - orc priest
Aim: an orc priest, wielding a +0 trident and wearing a +0 ring mail You shoot a poisoned needle.
The poisoned needle closely misses the orc priest.
The orc priest calls down the wrath of Beogh upon you.
Pain shoots through your body!
You die...

#.######.#.........# *
*#........#.......... *
* ,,
#..##########....... , ,
,,,##..##############...
* , #............ , ....
, #.......#### ** ..
#.8.8.8.##### * * , *
#............,, , *
#...@....#### *
#...)!.#....., , ** * *
#...o)_#..###, * , , ,
.......%.# ...* , , *
###....... #.## , , , ,
,#........ .#** , , ,,
,#.8.8.8.## ,, #.......#
* , ,##...####


You could see an orc priest.

Vanquished Creatures
  Sigmund (D:2)
  A wight (D:4)
  2 orc wizards
  2 worker ants
  A gnoll (D:3)
  3 adders
  5 worms
  5 dart slugs
  5 leopard geckos
  5 orcs
  3 ball pythons
  A bat (D:2)
  4 giant cockroaches
  4 goblins
  4 hobgoblins
  A jackal (D:1)
  5 kobolds
  A quokka (D:4)
  A frilled lizard (D:4)
  6 rats
60 creatures vanquished.

Vanquished Creatures (collateral kills)
  2 orcs (D:3)
2 creatures vanquished.

Grand Total: 62 creatures vanquished

Notes
Turn   | Place    | Note
-------+----------+-------------------------------------------
     0 | D:1      | MisterOstroum the Kobold Rogue began the quest for the Orb.
     0 | D:1      | Reached XP level 1. HP: 14/14 MP: 2/2
   176 | D:1      | Reached skill level 3 in Short Blades
   176 | D:1      | Reached XP level 2. HP: 20/20 MP: 3/3
   373 | D:1      | Reached skill level 1 in Dodging
   476 | D:1      | Reached XP level 3. HP: 20/25 MP: 4/4
  1379 | D:2      | Noticed Sigmund
  1478 | D:2      | Reached XP level 4. HP: 21/31 MP: 5/5
  1485 | D:2      | Reached skill level 4 in Short Blades
  1888 | D:2      | Found a hazy altar of Hepliaklqana.
  2140 | D:2      | Reached XP level 5. HP: 30/37 MP: 6/6
  2386 | D:2      | Killed Sigmund
  2386 | D:2      | Reached skill level 5 in Short Blades
  2386 | D:2      | Reached XP level 6. HP: 17/44 MP: 7/7
  3184 | D:3      | Found a sacrificial altar of Ru.
  3205 | D:3      | Became a worshipper of Ru the Awakened
  3567 | D:4      | Reached skill level 6 in Short Blades
  3602 | D:4      | Reached skill level 5 in Fighting
  3602 | D:4      | Reached XP level 7. HP: 50/50 MP: 8/8
  3671 | D:4      | Found a hide-covered altar of Uskayaw.
  3694 | D:4      | Killed from afar by an orc priest

Skill      XL: |  1  2  3  4  5  6 |
---------------+-------------------+-----
Short Blades   | 3 4 5 6 |  6.3
Dodging        | 1 2 3 |  3.3
Fighting       | 3 4 5 |  5.2
Stealth        | |  5.8
Evocations     | |  2.4

Action                   |  1- 3 |  4- 6 |  7- 9 || total
-------------------------+-------+-------+-------++-------
Melee: Dagger            |    75 |   119 |    15 ||   209
       Kick              |    16 |    30 |     4 ||    50
 Fire: Blowgun           |     7 |    20 |     2 ||    29
Throw: Stone             |       |     1 |       ||     1
Evoke: Wand              |       |     3 |       ||     3
  Use: Scroll            |       |     1 |       ||     1
 Stab: Sleeping          |     6 |    11 |     1 ||    18
  Eat: Chunk             |    11 |     8 |     2 ||    21
Armor: Robe              |    14 |     7 |       ||    21
       Leather armour    |       |     1 |     3 ||     4
Dodge: Dodged            |    62 |    44 |     2 ||   108
Block: Medium shield     |       |     5 |     2 ||     7
